 Dungeon Crawl Stone Soup version 0.29-a0-892-g2c4c91d9db (console) character file.

Game seed: 12704571869703066478

6141 CannotBeFrozen the Carver (level 10, -1/109 HPs)
             Began as a Demigod Warper on July 22, 2022.
             Slain by an orc
             ... wielding a +0 spear
              (3 damage)
             ... in a bailey.
             The game lasted 00:31:57 (15212 turns).

CannotBeFrozen the Carver (Demigod Warper)         Turns: 15212, Time: 00:31:57

Health: -1/109     AC:  8    Str: 12    XL:     10   Next: 33%
Magic:  18/19      EV: 13    Int: 13    God:
Gold:   387        SH:  0    Dex: 30    Spells: 15/17 levels left

rFire   . . .      SeeInvis .   b - +0 great sword
rCold   . . .      Faith    .   (shield currently unavailable)
rNeg    + + .      Spirit   .   M - +2 leather armour of Proximity {rN+ Int-2 Dex+5}
rPois   .          Reflect  .   B - +0 hat
rElec   .          Harm     .   H - +1 cloak {Stlth+}
rCorr   +          Rampage  .   u - +0 pair of gloves
Will    +....                   (no boots)
Stlth   ..........              (no amulet)
HPRegen 0.28/turn               x - ring of positive energy
MPRegen 0.16/turn               O - ring of resist corrosion

@: berserking (expiring), very quick
A: high MP 1, forlorn, divine attributes
a: no special abilities


You were in a bailey.
You visited 1 branch of the dungeon, and saw 9 of its levels.
You also visited: Bailey.

You collected 387 gold pieces.

Inventory:

Hand Weapons
 a - a +1 falchion of electrocution
 b - a +0 great sword (weapon)
 N - a +2 dagger of venom
Missiles
 d - 7 boomerangs of dispersal {=f=F}
 m - 19 poisoned darts
 n - 4 javelins
 r - 27 stones (quivered)
 I - 2 curare-tipped darts {=f=F}
Armour
 u - a +0 pair of gloves (worn)
 B - a +0 hat (worn)
 H - a +1 cloak of stealth (worn)
 L - a +1 leather armour of willpower
 M - the +2 leather armour of Proximity (worn) {rN+ Int-2 Dex+5}
   (You found it on level 7 of the Dungeon)

   Int:       It affects your intelligence (-2).
   Dex:       It affects your dexterity (+5).
   rN:        It protects you from negative energy.
Jewellery
 x - a ring of positive energy (left hand)
 F - a ring of fire
 O - a ring of resist corrosion (right hand)
Wands
 C - a wand of quicksilver (9)
 D - a wand of flame (32)
 E - a wand of polymorph (3)
Scrolls
 c - 3 scrolls of blinking
 e - 2 scrolls of vulnerability {unknown}
 f - 3 scrolls of poison {unknown}
 i - a scroll of noise {unknown}
 j - 2 scrolls of fear {unknown}
 l - 4 scrolls of butterflies {unknown}
 q - a scroll of magic mapping
 v - 3 scrolls of teleportation {@r2}
 y - a scroll of enchant weapon {unknown}
 K - a scroll of immolation {unknown}
Potions
 g - a potion of berserk rage
 h - 5 potions of heal wounds {@q2}
 k - 5 potions of curing {@q1}
 o - 4 potions of attraction
 p - 2 potions of might
 s - 2 potions of lignification
 t - a potion of flight
 w - a potion of magic {unknown}
 z - 2 potions of mutation
 A - 3 potions of haste
 G - a potion of degeneration {unknown}


   Skills:
 - Level 2.0 Fighting
 + Level 13.0 Long Blades
 - Level 0.8 Throwing
 - Level 1.0 Armour
 - Level 2.0 Dodging
 - Level 2.0 Stealth
 - Level 4.0 Spellcasting
 - Level 6.0 Translocations


You had 15 spell levels left.
You knew the following spells:

 Your Spells              Type           Power      Damage    Failure   Level
z - Blink                 Tloc           36%        N/A       3%          2

Your spell library contained the following spells:

 Spells                   Type           Power      Damage    Failure   Level
 Gell's Gravitas          Tloc           18%        N/A       7%          3
 Lesser Beckoning         Tloc           18%        N/A       7%          3
 Teleport Other           Tloc           18%        N/A       7%          3
 Sting                    Tmut/Pois      8%         1d3       26%         1
 Poisonous Vapours        Pois/Air       4%         N/A       36%         2
 Static Discharge         Conj/Air       2%         3-4/arc   36%         2
 Manifold Assault         Tloc           18%        N/A       52%         5
 Conjure Flame            Conj/Fire      2%         6-21      61%         3
 Ignite Poison            Fire/Tmut/Pois 2%         N/A       61%         3
 Dispel Undead            Necr           2%         3d7       95%         4
 Hailstorm                Conj/Ice       2%         3d3       95%         4
 Ice Form                 Ice/Tmut       2%         N/A       95%         4
 Olgreb's Toxic Radiance  Pois           2%         N/A       95%         4
 Sticky Flame             Conj/Fire      2%         2d3       95%         4
 Simulacrum               Ice/Necr       1%         N/A       100%        6


Dungeon Overview and Level Annotations

Branches:
Dungeon (9/15)             Temple (0/1) D:5            Lair (0/5) D:8
    Orc (0/2) D:9          Bailey (1/1)

Shops:
D:1 :   D:3 [

Annotations:
D:8 exclusion: orange demon, Amaemon


Innate Abilities, Weirdness & Mutations

You have an increased reservoir of magic. (+10% MP)
You shall have no god before yourself.
Your divine heritage dramatically boosts your attributes as you level up.


Message History

The orc warrior hits you from afar with a +0 halberd!!
* * * LOW HITPOINT WARNING * * *
HP: 40/109 (-21) ====-------- !
You are too injured to fight recklessly!
You are too injured to fight recklessly!
You slice the orc warrior!!
You kill the orc warrior!
The orc warrior hits you with a +0 halberd!
* * * LOW HITPOINT WARNING * * *
The orc warrior completely misses you. The orc warrior barely misses you.
HP: 33/109 (-7) ===--------- You slice the orc warrior!!
You kill the orc warrior!
An orc comes into view. It is wielding a +0 halberd.
The orc hits you from afar with a +0 trident.
* * * LOW HITPOINT WARNING * * *
The orc warrior hits you with a +0 halberd!
* * * LOW HITPOINT WARNING * * *
The orc closely misses you.
The orc warrior hits you from afar with a +0 trident.
* * * LOW HITPOINT WARNING * * *
Your Long Blades skill increases to level 13!
HP: 13/109 (-20) =----------- !
You slice the orc warrior!!
The orc warrior is severely wounded.
The centaur throws a javelin.
The javelin pierces through you!
* * * LOW HITPOINT WARNING * * *
HP: 5/109 (-8) ------------ You slash the orc warrior!
The orc warrior is almost dead.
The orc hits you from afar with a +0 spear.
* * * LOW HITPOINT WARNING * * *
The orc closely misses you. The orc warrior closely misses you. x2
HP: 2/109 (-3) ------------ You are too berserk!
You slash the orc warrior!
You kill the orc warrior!
The centaur throws a javelin.
The javelin barely misses you. The orc closely misses you.
The orc hits you from afar with a +0 spear.
You die...

#.≈.≈.≈≈...≈≈.≈.≈
#.≈.≈≈.≈...≈.≈≈.≈
≈≈.≈.≈≈≈≈≈.≈.≈≈ ..≈#
o≈.≈≈.oo..≈≈.≈. #..≈#
.≈≈.≈≈≈.≈≈≈.≈≈. ⌠o.≈#
..≈≈..≈.≈..≈≈.. ...≈#
...≈# ##...≈# .####
#####ooc.≈#
....⌠#######⌠o).....#
.o............)@...##
......)...........##
#######'''#########
#...# #...# #...#
#...# .....≈≈
........≈≈
...≈≈≈.....
⌠..≈≈≈≈≈..⌠.


You could see an orc warrior, a centaur and 3 orcs.

Vanquished Creatures
  A troll (D:8)
  10 yaks
  A steam dragon (D:6)
  4 orc warriors (Bailey)
  3 sky beasts
  A black bear (D:6)
  5 ice beasts
  4 ogres
  4 wolves (D:8)
  2 centaurs
  2 phantoms
  4 kobold brigands
  A necrophage (D:4)
  3 gnoll sergeants
  2 bullfrogs
  12 wights
  A howler monkey (D:9)
  2 electric eels (D:8)
  8 hounds
  A jelly (D:8)
  Crazy Yiuf (D:5)
  2 gnoll boudas
  Jessica (D:2)
  4 iguanas
  26 gnolls
  5 adders
  2 shadow imps
  4 white imps
  An ufetubus (D:7)
  3 worms
  4 dart slugs
  12 orcs
  4 endoplasms
  5 goblins
  9 hobgoblins
  4 quokkas
  6 ball pythons
  9 bats
  3 frilled lizards
  22 kobolds
  6 rats
204 creatures vanquished.

Vanquished Creatures (others)
  4 kobolds (D:6)
4 creatures vanquished.

Grand Total: 208 creatures vanquished

Notes
Turn   | Place    | Note
-------+----------+-------------------------------------------
     0 | D:1      | CannotBeFrozen the Demigod Warper began the quest for the
                  | Orb.
     0 | D:1      | Reached XP level 1. HP: 17/17 MP: 5/5
   153 | D:1      | Reached skill level 2 in Long Blades
   292 | D:1      | Reached XP level 2. HP: 24/24 MP: 7/7
   295 | D:1      | Learned a level 2 spell: Blink
   857 | D:1      | Reached skill level 3 in Long Blades
  1228 | D:1      | Found Zythraor's Book Shoppe.
  1664 | D:2      | Reached XP level 3. HP: 28/29 MP: 8/8
  1749 | D:2      | Reached skill level 1 in Armour
  1990 | D:2      | Noticed Jessica
  1999 | D:2      | Killed Jessica
  2447 | D:3      | Reached XP level 4. HP: 36/36 MP: 9/9
  2837 | D:3      | Found Taxket's Antique Armour Emporium.
  3160 | D:4      | Reached skill level 1 in Stealth
  3647 | D:4      | Noticed a phantom
  3874 | D:4      | Noticed an ogre
  3874 | D:4      | Noticed a necrophage
  3965 | D:5      | Entered Level 5 of the Dungeon
  3986 | D:5      | Noticed an ogre
  3997 | D:5      | Killed an ogre
  3998 | D:5      | Reached skill level 4 in Long Blades
  3998 | D:5      | Reached XP level 5. HP: 41/41 MP: 10/10
  4065 | D:5      | Found a runed translucent door.
  4066 | D:5      | Noticed Crazy Yiuf
  4206 | D:5      | Reached XP level 6. HP: 31/48 MP: 11/11
  4319 | D:5      | Found a staircase to the Ecumenical Temple.
  4514 | D:5      | Reached skill level 5 in Long Blades
  5006 | D:5      | Killed Crazy Yiuf
  5364 | D:6      | Reached skill level 6 in Long Blades
  5367 | D:6      | Reached XP level 7. HP: 34/55 MP: 13/13
  5650 | D:6      | Noticed a steam dragon
  5674 | D:6      | Killed a steam dragon
  5675 | D:6      | Reached skill level 7 in Long Blades
  6734 | D:5      | Reached skill level 8 in Long Blades
  7027 | D:6      | Reached XP level 8. HP: 55/61 MP: 14/14
  7149 | D:6      | Identified the +5 quarterstaff "Unokkukh" {antimagic, rF+
                  | Str-4 Int+2}
  7509 | D:6      | Reached skill level 9 in Long Blades
  8257 | D:4      | Reached skill level 10 in Long Blades
  9227 | D:7      | Reached XP level 9. HP: 28/67 MP: 14/16
 10077 | D:7      | Identified the +2 leather armour of Proximity {rN+ Int-2
                  | Dex+5}
 10217 | D:7      | Reached skill level 5 in Translocations
 11318 | D:7      | Reached skill level 11 in Long Blades
 13157 | D:8      | Reached XP level 10. HP: 43/73 MP: 19/19
 13166 | D:8      | Reached skill level 12 in Long Blades
 13650 | D:8      | Found a staircase to the Lair.
 13722 | D:8      | Noticed Amaemon
 14820 | D:9      | Found a flagged portal.
 14915 | Bailey   | Entered a bailey
 15210 | Bailey   | Reached skill level 13 in Long Blades
 15210 | Bailey   | HP: 5/109 [centaur/javelin (8)]
 15211 | Bailey   | HP: 2/109 [orc/+0 spear (3)]
 15212 | Bailey   | Slain by an orc

Illustrated notes

Levels and vault maps discovered:
D:1:      dpeg_arrival_rooms_with_view, layout_basic, serial_shops,
          nicolae_square_shop
D:2:      layout_loops_ring, uniq_jessica
D:3:      layout_rooms, serial_shops, shop_statue,
          chequers_ecumenical_altar_grove, hangedman_decor_clover_reticule
D:4:      dreamdust_elfheim, layout_basic, mainiacjoe_overflow_small_starburst
D:5:      layout_basic, lemuel_round_altar, minmay_temple_entry_mini_moons,
          grunt_decor_junction, uniq_crazy_yiuf_cottage
D:6:      layout_layer_cave
D:7:      layout_gridville, minmay_misc_feat_chi, kennysheep_another_room,
          minmay_between
D:8:      layout_basic, erik_lair_island, uniq_amaemon
D:9:      layout_loops_corners, orc_0_dummy, enter_bailey_2,
          nicolae_elevator_lobby_plus
Bailey:   bailey_polearm_flooded_kennysheep, bailey

Skill      XL: |  1  2  3  4  5  6  7  8  9 10 |
---------------+-------------------------------+-----
Long Blades    | 2 3 4 6 8 10 11 13 | 13.0
Armour         | 1 |  1.0
Dodging        | 2 |  2.0
Spellcasting   | 2 4 |  4.0
Fighting       | 2 |  2.0
Translocations | 3 4 6 |  6.0
Stealth        | 2 |  2.0
Throwing       | |  0.8

Action                   |  1- 3 |  4- 6 |  7- 9 | 10-12 || total
-------------------------+-------+-------+-------+-------++-------
Melee: Falchion          |   137 |   114 |   258 |       ||   509
       Punch             |       |       |     3 |       ||     3
       Great sword       |       |       |    84 |    83 ||   167
Throw: Stone             |     5 |       |    22 |    10 ||    37
       Dart              |    18 |    18 |    26 |       ||    62
       Javelin           |     1 |       |       |       ||     1
 Cast: Blink             |       |       |    15 |     3 ||    18
Evoke: Wand              |       |       |       |     6 ||     6
  Use: Scroll            |       |     5 |       |     8 ||    13
       Potion            |       |       |       |     1 ||     1
 Stab: Sleeping          |     2 |     2 |     2 |     4 ||    10
Armor: Leather armour    |    47 |    33 |    74 |    28 ||   182
Dodge: Dodged            |    86 |    58 |   197 |   116 ||   457

Table legend: (Time is in decaauts)
 A = Elapsed time spent in this place.
 B = Non-inter-level travel time spent in this place.
 C = Inter-level travel time spent in this place.
 D = Time resting spent in this place.
 E = Time spent auto-exploring this place.
 F = Levels seen in this place.
 G = Mean time per level.
                   A        B        C        D        E       F      G
               +--------+--------+--------+--------+--------+-----+--------+
         Total |  15237 |  14581 |    656 |   5577 |   6039 |  10 | 1523.7 |
       Dungeon |  14942 |  14286 |    656 |   5345 |   6039 |   9 | 1660.2 |
        Bailey |    295 |    295 |      0 |    232 |      0 |   1 |  295.0 |
               +--------+--------+--------+--------+--------+-----+--------+

Top non-repeatable levels by time:
     D:6: 2778 daAuts
     D:5: 2625 daAuts
     D:7: 2182 daAuts
     D:8: 2022 daAuts
     D:4: 1861 daAuts
     D:1: 1348 daAuts
     D:2: 1071 daAuts
     D:3: 829 daAuts
  Bailey: 295 daAuts
     D:9: 224 daAuts
